AoeStats
← DildoSwaggins

Nomad

510732128Analyzed
4v4 RM · 16h ago on Oct 2, 2026· 46m 47s· 8 players
Game mode
Random Map
Map size
231×231
Population
200
Speed
Normal
Resources
Standard
Victory
Conquest
Starting age
Dark Age
Ending age
Imperial Age
RankedLock teamsTeams togetherTeam positionsShared explorationLock speedFull tech treeHidden civsTurbo modeCheats
Victory
Defeat
🇩🇪 Burmese · Germany
1066
+11
🇮🇳 Inca · India
881
+18
🇭🇰 Hindustanis · Hong Kong SAR China
878
+19
🇭🇰 Byzantines · Hong Kong SAR China
843
+20
🇳🇴 Koreans · Norway
974
-18
🇺🇸 Sicilians · United States
945
-46
🇫🇷 Lithuanians · France
928
-17
🇷🇺 Bengalis · Russia
904
-16
DildoSwaggins
16:25 Feudal Age
18:19 Horse Collar
21:21 Scale Barding Armor
25:26 Forging
28:03 Castle Age
28:01 Bloodlines
29:04 Chain Barding Armor
30:28 Light Cavalry
33:13 Padded Archer Armor
33:04 Fletching
33:50 Iron Casting
33:17 Scale Mail Armor
33:22 Double-Bit Axe
33:42 Heavy Plow
33:56 Gold Mining
35:07 Bow Saw
34:27 Elite Skirmisher
37:18 Gold Shaft Mining
37:44 Husbandry
39:24 Pikeman
F-I-R-O
5:39 Loom
16:37 Feudal Age
23:08 Castle Age
21:48 Wheelbarrow
21:06 Double-Bit Axe
21:09 Horse Collar
22:13 Gold Mining
22:37 Bloodlines
25:37 Hand Cart
29:33 Light Cavalry
30:15 Husbandry
30:27 Scale Barding Armor
30:32 Forging
33:58 Heavy Plow
33:52 Stone Mining
35:27 Stone Shaft Mining
35:30 Iron Casting
36:28 Fishing Lines
40:34 Imperial Age
39:09 Elite Skirmisher
39:55 Thumb Ring
40:22 Ballistics
42:23 Fletching
42:34 Padded Archer Armor
kris10an
19:54 Feudal Age
23:39 Castle Age
24:46 Wheelbarrow
23:58 Double-Bit Axe
23:57 Fishing Lines
26:47 Hand Cart
27:30 Bow Saw
34:41 Imperial Age
33:39 Gillnets
36:08 Caravan
38:23 Forging
38:14 Scale Mail Armor
38:05 Fletching
38:15 Heavy Rocket Cart
39:14 Clinker Construction
39:03 Pikeman
39:44 Squires
39:30 Arson
40:48 Halberdier
43:00 Iron Casting
42:41 Chain Mail Armor
42:22 Bodkin Arrow
47:20 Plate Mail Armor
47:27 Conscription
HoLeeFuk
11:47 Loom
15:47 Feudal Age
17:08 Double-Bit Axe
17:16 Fishing Lines
22:09 Castle Age
19:57 Horse Collar
24:22 Wheelbarrow
23:33 Town Watch
23:48 Stone Mining
26:21 Bow Saw
31:32 Fletching
31:43 Padded Archer Armor
32:31 Hand Cart
33:32 Fortified Wall
33:42 Ballistics
33:37 Paiks
33:36 Heavy Plow
34:10 Bodkin Arrow
34:23 Husbandry
35:09 Town Patrol
36:24 Bloodlines
36:19 Squires
36:56 Leather Archer Armor
42:03 Imperial Age
42:24 Heavy Scorpion
Robbsen7
7:18 Loom
13:51 Feudal Age
18:25 Castle Age
16:14 Horse Collar
18:16 Gold Mining
21:18 Wheelbarrow
23:55 Heavy Plow
24:53 Town Watch
26:33 Scale Barding Armor
29:52 Imperial Age
27:37 Forging
28:30 Gold Shaft Mining
29:58 Bloodlines
29:49 Husbandry
34:07 Chain Barding Armor
35:14 Manipur Cavalry
36:01 Plate Barding Armor
36:01 Iron Casting
35:41 Fletching
36:07 Howdah
37:37 Conscription
36:53 Elite Battle Elephant
41:25 Blast Furnace
40:21 Bodkin Arrow
40:38 Manipur Cavalry
41:01 Light Cavalry
43:33 Hussar
44:41 Hand Cart
44:19 Stone Mining
44:43 Masonry
44:38 Siege Engineers
46:36 Town Patrol
iamlegolas312
4:18 Loom
16:09 Feudal Age
16:44 Double-Bit Axe
17:02 Fishing Lines
18:05 Gold Mining
22:55 Castle Age
21:11 Town Watch
22:04 Fletching
22:15 Padded Archer Armor
22:57 Pikeman
23:02 Crossbowman
24:00 Stone Mining
25:39 Bow Saw
26:10 Gold Shaft Mining
27:00 Stone Shaft Mining
26:35 Gillnets
27:00 Medium Warships
28:46 Wheelbarrow
28:25 Thumb Ring
29:04 Bodkin Arrow
31:39 Forging
33:32 Leather Archer Armor
33:53 Iron Casting
33:37 Horse Collar
34:45 Scale Mail Armor
35:52 Town Watch
40:08 Imperial Age
38:53 Chain Mail Armor
41:23 Heavy Warships
40:31 Arbalester
42:23 Bracer
42:53 Ring Archer Armor
44:09 Chemistry
42:49 Treadmill Crane
46:27 Conscription
myhoneyee
15:33 Feudal Age
20:36 Castle Age
23:38 Double-Bit Axe
25:28 Wheelbarrow
27:04 Bow Saw
26:36 Horse Collar
30:20 Heavy Plow
30:31 Pikeman
32:24 Crossbowman
34:04 Gold Mining
34:07 Stone Mining
36:06 Gold Shaft Mining
36:07 Stone Shaft Mining
37:43 Hand Cart
40:22 Imperial Age
39:41 Fletching
39:51 Padded Archer Armor
40:02 Forging
39:53 Scale Mail Armor
40:00 Scale Barding Armor
42:31 Chemistry
41:59 Arbalester
42:43 Bodkin Arrow
43:03 Leather Archer Armor
45:20 Bracer
45:50 Ring Archer Armor
45:56 Iron Casting
45:36 Chain Mail Armor
45:42 Chain Barding Armor
mytristan1122
15:13 Feudal Age
19:06 Castle Age
17:21 Fishing Lines
17:22 Horse Collar
17:29 Double-Bit Axe
19:19 Stone Mining
21:27 Heavy Plow
21:11 Pikeman
22:56 Bow Saw
23:12 Gillnets
23:20 Gold Mining
25:21 Wheelbarrow
30:44 Wheelbarrow
33:13 Imperial Age
32:44 Scale Mail Armor
32:52 Scale Barding Armor
32:49 Squires
33:17 Husbandry
33:28 Bloodlines
33:09 Arson
34:28 Conscription
34:27 Heavy Camel Rider
36:29 Grand Trunk Road
36:55 Chain Mail Armor
37:00 Chain Barding Armor
37:26 Siege Elephant
39:21 Hand Cart
38:56 Town Watch
40:14 Two-Man Saw
41:33 Forging
41:59 Plate Barding Armor
42:27 Imperial Camel Rider
46:10 Iron Casting
Connection lost

Rejoining the realm…

Still unreachable

The connection could not be restored.

Session expired

The server has moved on; the page needs a fresh start.